AoeStats
← Juyhou

Lombardia

509871174Analyzed
4v4 RM · 4d ago on Sep 28, 2026· 36m 34s· 8 players
Game mode
Random Map
Map size
Large (8 player)
Population
200
Speed
Normal
Resources
Standard
Victory
Conquest
Starting age
Dark Age
Ending age
Imperial Age
RankedLock teamsTeams togetherTeam positionsShared explorationLock speedFull tech treeHidden civsTurbo modeCheats
Victory
Defeat
🇫🇮 Spanish · Finland
1925
+16
🇻🇳 Persians · Vietnam
1880
+18
🇫🇮 Danes · Finland
1877
+18
1847
+19
🇨🇳 Bohemians · China
2072
-24
🇨🇳 Gurjaras · China
1949
-19
🇨🇳 Vikings · China
1843
-15
1796
-13
Juyhou
8:05 Loom
11:19 Feudal Age
12:12 Double-Bit Axe
15:03 Castle Age
13:26 Horse Collar
16:50 Bow Saw
19:03 Heavy Plow
22:05 Wheelbarrow
21:24 Gold Mining
22:15 Stone Mining
24:23 Gold Shaft Mining
24:46 Town Watch
25:19 Hand Cart
29:43 Imperial Age
28:06 Forging
27:57 Scale Mail Armor
29:55 Squires
30:10 Chain Mail Armor
30:31 Iron Casting
30:24 Caravan
30:35 Elite Varangian Guard
31:46 Plate Mail Armor
31:55 Conscription
31:04 Hamask
31:26 Onager
32:38 Town Patrol
33:43 Blast Furnace
33:03 Arson
35:53 Gambesons
37:18 Coinage
CNZS_骑士老爷_帝国时代2
5:49 Loom
8:33 Feudal Age
9:01 Double-Bit Axe
14:01 Forging
15:22 Scale Barding Armor
16:18 Bloodlines
19:05 Castle Age
17:33 Horse Collar
18:23 Gold Mining
18:50 Bloodlines
20:15 Wheelbarrow
19:56 Husbandry
20:39 Gold Shaft Mining
21:46 Iron Casting
23:29 Chain Barding Armor
26:38 Bow Saw
29:38 Devotion
33:38 Hand Cart
33:08 Town Watch
34:29 Heavy Plow
37:26 Gold Shaft Mining
Tomppa
4:49 Loom
11:15 Feudal Age
14:51 Castle Age
13:23 Double-Bit Axe
13:49 Horse Collar
16:15 Bow Saw
20:35 Wheelbarrow
24:23 Padded Archer Armor
26:07 Heavy Plow
26:42 Hand Cart
26:14 Town Watch
28:07 Gold Mining
29:06 Stone Mining
33:28 Imperial Age
32:40 Stone Shaft Mining
33:21 Fletching
35:11 Chemistry
34:31 Guilds
34:08 Arrowslits
33:55 Capped Ram
35:03 Caravan
35:56 Bombard Tower
35:35 Bodkin Arrow
36:39 Coinage
37:13 Conscription
saymynameBook
5:24 Loom
8:13 Feudal Age
9:04 Double-Bit Axe
9:14 Horse Collar
20:40 Castle Age
19:20 Forging
20:22 Bloodlines
20:11 Gold Mining
20:33 Light Cavalry
21:36 Husbandry
28:42 Scale Barding Armor
29:45 Wheelbarrow
30:16 Heavy Plow
30:33 Hand Cart
35:31 Imperial Age
34:11 Gold Shaft Mining
33:27 Stone Mining
34:34 Chain Barding Armor
35:10 Cavalier
36:26 Plate Barding Armor
36:03 Bow Saw
36:23 Crop Rotation
37:17 Iron Casting
36:31 Savar
RTMaxwell
8:53 Feudal Age
9:28 Double-Bit Axe
9:42 Horse Collar
14:45 Loom
22:50 Castle Age
20:51 Gold Mining
22:03 Fletching
23:32 Bodkin Arrow
22:57 Crossbowman
27:09 Town Watch
29:31 Padded Archer Armor
31:24 Ballistics
32:27 Bow Saw
35:03 Man-at-Arms
35:43 Squires
36:29 Heavy Plow
爱种田的太奶
11:19 Feudal Age
11:59 Double-Bit Axe
14:56 Castle Age
14:54 Loom
15:05 Horse Collar
18:04 Bow Saw
22:27 Wheelbarrow
21:54 Town Watch
27:34 Sanctity
28:08 Gold Mining
29:13 Hand Cart
33:35 Imperial Age
32:37 Scale Barding Armor
32:30 Stone Mining
32:47 Heavy Plow
33:17 Bloodlines
33:08 Husbandry
34:20 Chain Barding Armor
34:11 Forging
34:22 Elite Leitis
35:25 Conscription
36:33 Plate Barding Armor
CNZS_Dadaya
11:38 Feudal Age
12:25 Double-Bit Axe
15:14 Castle Age
13:13 Horse Collar
15:27 Loom
24:01 Wheelbarrow
23:39 Fervor
24:44 Bow Saw
24:41 Fletching
27:14 Sanctity
27:19 Hand Cart
31:15 Imperial Age
28:56 Scale Mail Armor
29:56 Chain Mail Armor
29:51 Forging
29:35 Town Watch
30:14 Caravan
30:23 Squires
29:44 Pikeman
31:34 Chemistry
30:32 Bodkin Arrow
32:09 Iron Casting
31:51 Heavy Plow
31:37 Halberdier
33:31 Plate Mail Armor
33:51 Guilds
33:54 Padded Archer Armor
35:12 Block Printing
35:08 Redemption
35:37 Ballistics
OX
8:59 Feudal Age
9:08 Loom
9:53 Double-Bit Axe
10:31 Horse Collar
15:22 Town Watch
20:41 Castle Age
19:58 Gold Mining
21:10 Bloodlines
21:43 Wheelbarrow
21:34 Bow Saw
21:25 Heavy Plow
21:34 Husbandry
21:43 Scale Barding Armor
23:04 Chain Barding Armor
28:44 Forging
30:37 Hand Cart
34:22 Gold Shaft Mining
33:37 Stone Mining
36:52 Imperial Age
Connection lost

Rejoining the realm…

Still unreachable

The connection could not be restored.

Session expired

The server has moved on; the page needs a fresh start.